 Dungeon Crawl Stone Soup version 0.22-a0-99-g1ac4c55 (webtiles) character file.

1451 KristoblXynda the Thaumaturge (level 8, -12/41 HPs)
             Began as a Deep Elf Conjurer on Jan 25, 2018.
             Was an Initiate of Vehumet.
             Shot with an arrow by a centaur (18 damage)
             ... on level 6 of the Dungeon.
             The game lasted 00:20:06 (7550 turns).

KristoblXynda the Thaumaturge (Deep Elf Conjurer)   Turns: 7550, Time: 00:20:07

Health: -12/41     AC:  3    Str:  5    XL:     8   Next: 47%
Magic:  1/24       EV: 13    Int: 23    God:    Vehumet [......]
Gold:   168        SH:  0    Dex: 15    Spells: 19/27 levels left

rFire    . . .     SeeInvis .   a - +0 long sword (elec)
rCold    + . .     Gourm    .   (no shield)
rNeg     . . .     Faith    .   t - +1 robe
rPois    .         Spirit   .   (no helmet)
rElec    .         Reflect  .   (no cloak)
rCorr    .         Harm     .   (no gloves)
MR       +....     Clarity  +   (no boots)
Stlth    ++........             (no amulet)
HPRegen  0.13/turn              f - ring of protection from cold
MPRegen  0.19/turn              (no ring)

@: lethally poisoned (-12 -> -17)
A: hooves 1, clarity, magic resistance 1, wild magic 1
a: Renounce Religion


You were on level 6 of the Dungeon.
You worshipped Vehumet.
Vehumet was noncommittal.
You were hungry.

You visited 2 branches of the dungeon, and saw 7 of its levels.

You collected 168 gold pieces.

Inventory:

Hand Weapons
 a - a +0 long sword of electrocution (weapon)
Missiles
 o - a throwing net (quivered)
Armour
 h - a +2 buckler
 t - a +1 robe (worn)
Jewellery
 f - a ring of protection from cold (left hand)
Wands
 u - a wand of digging (2)
Scrolls
 d - a scroll of teleportation
 e - 5 scrolls of remove curse
 i - 2 scrolls of enchant armour
 j - a scroll of fog
 k - a scroll of blinking
 p - a scroll of amnesia {unknown}
 q - a scroll of magic mapping
 r - a scroll of immolation
 v - a scroll of enchant weapon {unknown}
Potions
 l - a potion of mutation
 m - 2 potions of flight
 n - a potion of magic
 w - a potion of lignification
Books
 b - a book of Conjurations

   Spells                             Type                      Level
   a - Magic Dart                     Conjuration                  1
   b - Searing Ray                    Conjuration                  2
   c - Dazzling Spray                 Conjuration/Hexes            3
   d - Fulminant Prism                Conjuration/Hexes            4
   e - Force Lance                    Conjuration/Translocation    4
   f - Iskenderun's Mystic Blast      Conjuration                  4
Comestibles
 c - 8 rations


   Skills:
 - Level 2.4 Dodging
 - Level 2.4 Stealth
 + Level 10.1 Spellcasting
 + Level 9.3 Conjurations


You had 19 spell levels left.
You knew the following spells:

 Your Spells              Type           Power        Failure   Level  Hunger
a - Magic Dart            Conj           ####         1%          1    None
b - Dazzling Spray        Conj/Hex       #####.       4%          3    None
c - Iskenderun's Mystic   Conj           ######..     2%          4    #......


Dungeon Overview and Level Annotations

Branches:
Dungeon (6/15)             Temple (1/1) D:6

Altars:
Ashenzari
Cheibriados
Dithmenos
Elyvilon
Fedhas
Gozag
Hepliaklqana
Kikubaaqudgha
Makhleb
Nemelex Xobeh
Okawaru
Qazlal
Ru
Sif Muna
Trog
Uskayaw
Vehumet
Wu Jian
Xom
Yredelemnul
Zin
The Shining One

Annotations:
D:5 Paulus's ghost, novice HOFi


Innate Abilities, Weirdness & Mutations

You have large cloven feet.
You possess an exceptional clarity of mind.
You are resistant to hostile enchantments. (MR+)
Your spells are a little harder to cast, but a little more powerful.


Message History

Press: ? - help, Shift-Dir - straight line, f/p - scorpion
Aim: a scorpion The orb of energy hits the scorpion.
The scorpion is almost dead.
The scorpion stings you.
* * * LOW HITPOINT WARNING * * *
Casting: Iskenderun's Mystic Blast
Confirm with . or Enter, or press ? or * to list all spells.
Aiming: Iskenderun's Mystic Blast
Press: ? - help, Shift-Dir - straight line, f/p - scorpion
Aim: a scorpion (almost dead)
The orb of energy hits the scorpion.
You kill the scorpion!
Vehumet accepts your kill.
The orb of energy explodes!
The mystic blast hits the centaur.
The centaur is almost dead.
* * * LOW HITPOINT WARNING * * *
You feel sick.
The centaur wields a shortbow.
The centaur shoots an arrow.
The arrow hits you!!
You die...

.. ..
...###.####...
......... ...
#.....†# #..
#......###..
#...)...##.#
##...##.##.#
#... #c##.#
#.. #.##@# ###
#.##†# ##.##c#
#####.....#
#......##.#
#.......#.#
#.....#.#.#
#.....#...#
#.....##..#


You could see a centaur.

Vanquished Creatures
  Sigmund (D:5)
  Duvessa (D:4)
  A sky beast (D:5)
  3 ogres
  Blork the orc (D:5)
  A bullfrog (D:6)
  3 scorpions
  Dowan (D:4)
  2 howler monkeys
  2 crimson imps
  A bullfrog zombie (D:5)
  A bullfrog skeleton (D:6)
  An orc priest (D:3)
  Jessica (D:2)
  3 worker ants
  Robin (D:2)
  8 adders
  A shadow imp (D:5)
  An adder zombie (D:5)
  3 worms
  8 leopard geckos
  5 orcs
  A ball python (D:2)
  9 bats
  7 giant cockroaches
  16 goblins
  8 hobgoblins
  5 jackals (D:1)
  4 kobolds (D:3)
  A quokka (D:3)
  4 frilled lizards
  10 rats
115 creatures vanquished.

Notes
Turn   | Place    | Note
-------+----------+-------------------------------------------
     0 | D:1      | KristoblXynda the Deep Elf Conjurer began the quest for the Orb.
     0 | D:1      | Reached XP level 1. HP: 10/10 MP: 6/6
   184 | D:1      | Reached XP level 2. HP: 15/15 MP: 5/8
   646 | D:1      | Reached skill level 4 in Spellcasting
   969 | D:1      | Reached XP level 3. HP: 19/19 MP: 7/10
  1556 | D:2      | Reached skill level 5 in Conjurations
  1661 | D:2      | Learned a level 3 spell: Dazzling Spray
  1933 | D:2      | Noticed Jessica
  1936 | D:2      | Killed Jessica
  1936 | D:2      | Reached XP level 4. HP: 24/24 MP: 7/12
  1975 | D:2      | Found a basalt altar of Yredelemnul.
  2064 | D:2      | Reached skill level 5 in Spellcasting
  2206 | D:2      | Learned a level 4 spell: Iskenderun's Mystic Blast
  2442 | D:2      | Noticed Robin
  2446 | D:2      | Killed Robin
  2474 | D:2      | Reached XP level 5. HP: 28/28 MP: 4/14
  4175 | D:3      | Reached skill level 6 in Spellcasting
  4230 | D:3      | Reached XP level 6. HP: 10/32 MP: 0/17
  4634 | D:4      | Gained mutation: Your spells are a little harder to cast, but a little more powerful. [potion of mutation]
  4634 | D:4      | Gained mutation: You have large cloven feet. [potion of mutation]
  4634 | D:4      | Gained mutation: You are resistant to hostile enchantments. (MR+) [potion of mutation]
  4634 | D:4      | Gained mutation: You possess an exceptional clarity of mind. [potion of mutation]
  4853 | D:4      | Killed Dowan
  4854 | D:4      | Reached skill level 7 in Spellcasting
  4855 | D:4      | Noticed Duvessa
  4937 | D:4      | Killed Duvessa
  4937 | D:4      | Reached XP level 7. HP: 17/36 MP: 7/20
  5472 | D:4      | Found a burning altar of Makhleb.
  5603 | D:4      | Found an ornate altar of the Wu Jian Council.
  5707 | D:5      | Entered Level 5 of the Dungeon
  5736 | D:5      | Noticed Blork the orc
  5743 | D:5      | Killed Blork the orc
  5807 | D:5      | Reached skill level 8 in Spellcasting
  6063 | D:5      | Noticed Sigmund
  6221 | D:5      | Killed Sigmund
  6274 | D:5      | Reached skill level 9 in Spellcasting
  6492 | D:5      | Reached XP level 8. HP: 11/41 MP: 13/23
  7077 | D:5      | Noticed Paulus's ghost (novice HOFi)
  7204 | D:6      | Found a staircase to the Ecumenical Temple.
  7247 | Temple   | Entered the Ecumenical Temple
  7453 | D:6      | Found a radiant altar of Vehumet.
  7474 | D:6      | Became a worshipper of Vehumet
  7532 | D:6      | Reached skill level 10 in Spellcasting
  7550 | D:6      | Shot with an arrow by a centaur

Vault maps used:
D:1:      mainiacjoe_arrival_reflecting_pool, serial_forest,
          infiniplex_forest_end_2, infiniplex_forest_end_3,
          infiniplex_forest_clump_medium, infiniplex_forest_lined_corner,
          infiniplex_forest_straight_1, minmay_pentomino_u2
D:2:      cheibrodos_old_hovel, yredelemnul_altar_generic, uniq_robin,
          uniq_jessica
D:3:      minmay_diamond_boxcup
D:4:      kennysheep_mini_moat, marbit_many_paths, first_ration, uniq_duvessa
D:5:      uniq_blork_the_orc, uniq_sigmund
D:6:      vehumet_altar_wand_db, minmay_temple_entry_overgrown,
          nicolae_tso_besieged_by_evil, uniq_crazy_yiuf_cottage
Temple:   compressed_dpeg_circular_temple

Skill      XL: |  1  2  3  4  5  6  7  8 |
---------------+-------------------------+-----
Spellcasting   | 4 5 6 7 9 10 | 10.1
Conjurations   | 5 6 7 8 9 |  9.3
Dodging        | |  2.4
Stealth        | |  2.4

Action                   |  1- 3 |  4- 6 |  7- 9 || total
-------------------------+-------+-------+-------++-------
Melee: Dagger            |    11 |    70 |       ||    81
       Long sword        |       |    13 |    20 ||    33
       Kick              |       |       |     3 ||     3
 Cast: Magic Dart        |    67 |   107 |    70 ||   244
       Iskenderun's Myst |       |     7 |    20 ||    27
       Dazzling Spray    |       |     1 |     1 ||     2
  Use: Potion            |       |     6 |     4 ||    10
       Scroll            |       |     6 |     9 ||    15
 Stab: Sleeping          |       |     2 |       ||     2
       Invisible         |       |       |     1 ||     1
  Eat: Chunk             |     3 |     6 |     2 ||    11
       Ration            |       |     1 |     2 ||     3
Armor: Robe              |     3 |    12 |     8 ||    23
       Skin              |       |    19 |       ||    19
Dodge: Dodged            |    11 |    40 |    46 ||    97
       Rpst.: Long sword |       |       |    14 ||    14

Table legend:
 A = Spawn XP
 B = Non-spawn XP
 C = Spawn XP percentage of total XP
 D = Spawn monster count
 E = Non-spawn monster count
 F = Spawn count percentage of total count
 G = Total turns spent on level
                    A         B        C        D         E        F      G
               +---------+---------+-------+---------+---------+-------+---------
         Total |       0 |    2074 |   0.0 |       0 |     115 |   0.0 |  7550
               +---------+---------+-------+---------+---------+-------+---------
           D:1 |       0 |      41 |   0.0 |       0 |      23 |   0.0 |  1555
           D:2 |       0 |     179 |   0.0 |       0 |      36 |   0.0 |  1634
           D:3 |       0 |     222 |   0.0 |       0 |      26 |   0.0 |  1437
           D:4 |       0 |     402 |   0.0 |       0 |       7 |   0.0 |  1252
           D:5 |       0 |     822 |   0.0 |       0 |      13 |   0.0 |  1319
           D:6 |       0 |     408 |   0.0 |       0 |      10 |   0.0 |   157
               +---------+---------+-------+---------+---------+-------+---------
